Unix NetHack Version 3.7.0-97 Work-in-progress - last build Jan 15 2024 16:18:24 (bf5c21b99e62e8a7a5668a06ec9a5d408df58fe5,branch:master). Game began 2024-01-18 09:41:17, ended 2024-01-18 10:01:58. elenmirie, lawful female human Knight ------------- ------ |...........-# ---------------- #|....| |...........|# |..............| #|.....# -----.-.-----## |..............|# #|*...|# ### # #...............|# #------# # # #----------------# # ## # # # #### # # ### # ###### # # ## # # ### % # # # ## ############# # # # ------ # # #######% # # #------- |[!!@| # #-----################ # #|.....| |***.-# --------.-- ##|...|# #-|---# #......| |(!u.|# |.....>...| #|.|.|# #....|# |.....| |?a?.|# |.........| #|...|# |<..|####......| |+=aa|# |.........+ ##0|....# |.(%|# |.....| |!?a@|#####|.........| ----- |...-# |.....| ------ #..........| |...|# ------- ----------- ----- Elenmirie the Esquire St:14 Dx:10 Co:15 In:7 Wi:15 Ch:18 Lawful Dlvl:6 $:77 HP:0(35) Pw:23(23) AC:4 Xp:4/144 T:2257 Latest messages: The killer bee misses! The killer bee stings! What do you want to drink? [jmrst or ?*] s You feel better. The killer bee stings! The killer bee misses! Arod misses the killer bee. Arod misses the killer bee. The killer bee misses! You miss the killer bee. The killer bee stings! The killer bee misses! The killer bee stings! The killer bee stings! Arod misses the killer bee. Arod misses the killer bee. You hit the killer bee. The killer bee misses! The killer bee misses! The killer bee misses! You miss the killer bee. The killer bee stings! The killer bee stings! The killer bee stings! The killer bee misses! The killer bee misses! You miss the killer bee. The killer bee stings! The killer bee stings! The killer bee stings! The killer bee stings! The killer bee stings! The killer bee misses! What do you want to drink? [jmrt or ?*] ? You feel better. The killer bee stings! The killer bee stings! The killer bee's sting was poisoned! The killer bee misses! Arod misses the killer bee. Arod misses the killer bee. The killer bee stings! The killer bee stings! You die... Akranes gratefully inherits all your possessions. Do you want to see what you had when you died? [ynq] (y) y Do you want to see your attributes? [ynq] (y) y Do you want an account of creatures vanquished? [ynaq] (y) y Do you want to see your conduct and achievements? [ynq] (y) y Do you want to see the dungeon overview? [ynq] (y) y Inventory: Coins $ - 77 gold pieces Weapons a - an uncursed very corroded +1 long sword (weapon in right hand) b - an uncursed +1 lance (alternate weapon; not wielded) Armor d - an uncursed rusty +0 helmet (being worn) f - an uncursed +0 pair of leather gloves (being worn) e - an uncursed +0 small shield (being worn) c - an uncursed +1 ring mail (being worn) Comestibles g - 12 uncursed apples h - 11 uncursed carrots Scrolls u - an uncursed scroll of confuse monster w - an uncursed scroll of enchant armor z - a blessed scroll of fire y - a blessed scroll of remove curse v - 2 uncursed scrolls of scare monster Potions j - an uncursed potion of gain energy t - 2 cursed potions of healing r - an uncursed potion of paralysis m - a potion of unholy water Rings i - a cursed ring of polymorph Wands l - an uncursed wand of slow monster (0:3) Tools x - an uncursed towel Elenmirie the Knight's attributes: Background: You were an Esquire, a level 4 female human Knight. You were lawful, on a mission for Lugh who was opposed by Brigit (neutral) and Manannan Mac Lir (chaotic). You were right-handed. You were in the Dungeons of Doom, on level 6. You entered the dungeon 2257 turns ago. You had 144 experience points, 16 more were needed to attain level 5. Basics: You had 0 out of 35 hit points. You had all 23 energy points (spell power). Your armor class was 4. Your wallet contained 77 zorkmids. Autopickup was on, but temporarily disabled while inside the shop. Final Characteristics: Your strength was 14 (limit:18/100). Your dexterity was 10 (limit:18). Your constitution was 15 (limit:18). Your intelligence was 7 (limit:18). Your wisdom was 15 (limit:18). Your charisma was 18 (limit:18). Final Status: You weren't hungry. You were unencumbered. You were wielding a long sword. You had basic skill with long sword. Final Attributes: You were piously aligned. You could jump. You were warded. You are dead. Miscellaneous: You never encountered a bones level. Total elapsed playing time was 20 minutes and 37 seconds. Major events: Turn 1: elenmirie the lawful female human Knight entered the dungeon 1160: attained the rank of Esquire (level 3) 2257: killed by a killer bee Vanquished creatures: a rock mole a shrieker a giant ant a kitten 2 homunculi a kobold leader a centipede a giant bat a wererat an iguana 2 acid blobs 2 coyotes 2 cave spiders 5 geckos 3 jackals a fox a kobold a goblin 4 sewer rats 8 grid bugs 3 lichens 2 kobold zombies 7 newts 52 creatures vanquished. No species were genocided or became extinct. Voluntary challenges: You were illiterate. You never engraved Elbereth. You never genocided any monsters. You never polymorphed an object. You never changed form. You used no wishes. Achievements: You attained the rank of Esquire. You entered a shop. The Dungeons of Doom: levels 1 to 6 Level 1: A fountain, a sink. Level 2: Level 3: An altar to Lugh. Level 4: Level 5: Level 6: <- You were here. A general store, a grave. Final resting place for you, killed by a killer bee. Game over: ---------- / \ / REST \ / IN \ / PEACE \ / \ | elenmirie | | 77 Au | | killed by a | | killer bee | | | | | | 2024 | *| * * * | * _________)/\\_//(\/(/\)/\//\/|_)_______ Fare thee well elenmirie the Knight... You died in The Dungeons of Doom on dungeon level 6 with 906 points, and 77 pieces of gold, after 2257 moves. You were level 4 with a maximum of 35 hit points when you died.